AoeStats
← vehera95

Nomad

508020731Analyzed
4v4 RM · 11d ago on Sep 20, 2026· 37m 17s· 8 players
Game mode
Random Map
Map size
231×231
Population
200
Speed
Normal
Resources
Standard
Victory
Conquest
Starting age
Dark Age
Ending age
Imperial Age
RankedLock teamsTeams togetherTeam positionsShared explorationLock speedFull tech treeHidden civsTurbo modeCheats
Victory
Defeat
🇵🇱 Italians · Poland
1153
+13
🇨🇿 Saracens · Czechia
1105
+15
🇨🇭 Goths · Switzerland
1091
+15
🇫🇷 Turks · France
1039
+18
🇨🇴 Khmer · Colombia
1114
-17
🇦🇷 Japanese · Argentina
1090
-16
🇹🇼 Celts · Taiwan
1045
-14
🇨🇳 Mongols · China
1043
-14
Salmanassar V
4:59 Loom
13:33 Feudal Age
14:17 Fishing Lines
20:28 Castle Age
18:20 Double-Bit Axe
24:19 Wheelbarrow
23:35 Horse Collar
24:24 Heavy Plow
26:54 Gold Mining
33:17 Imperial Age
31:14 Scale Mail Armor
31:24 Forging
31:21 Squires
31:46 Hand Cart
31:15 Man-at-Arms
32:27 Bow Saw
32:41 Chain Mail Armor
32:22 Long Swordsman
34:29 Iron Casting
34:18 Conscription
33:31 Two-Handed Swordsman
38:31 Blast Furnace
DESTINNI
5:48 Loom
14:25 Feudal Age
15:21 Double-Bit Axe
15:37 Town Watch
20:53 Castle Age
18:52 Stone Mining
18:49 Horse Collar
23:33 Scale Barding Armor
24:35 Crossbowman
25:06 Fletching
25:17 Padded Archer Armor
25:42 Bodkin Arrow
26:18 Bow Saw
29:47 Wheelbarrow
29:29 Leather Archer Armor
30:00 Heavy Plow
33:54 Imperial Age
32:04 Ballistics
32:09 Treadmill Crane
32:40 Thumb Ring
32:32 Gold Mining
34:43 Fortified Wall
34:44 Masonry
35:23 Hand Cart
35:18 Bracer
34:38 Arbalester
38:26 Chemistry
37:58 Ring Archer Armor
vehera95
4:57 Loom
21:45 Feudal Age
23:06 Wheelbarrow
22:15 Fishing Lines
22:50 Stone Mining
22:48 Double-Bit Axe
23:59 Gold Mining
27:02 Castle Age
25:17 Forging
25:13 Scale Barding Armor
24:59 Fletching
25:21 Bloodlines
27:58 Hand Cart
27:43 Gillnets
28:30 Husbandry
29:07 Iron Casting
28:53 Chain Barding Armor
28:28 Bodkin Arrow
30:34 Bow Saw
32:55 Ballistics
32:16 Treadmill Crane
36:31 Imperial Age
35:10 Gold Shaft Mining
36:48 Murder Holes
37:27 Artillery
38:14 Conscription
jkeR.!
13:43 Feudal Age
13:39 Loom
18:15 Castle Age
33:51 Wheelbarrow
33:45 Gold Mining
35:38 Fletching
36:13 Ballistics
37:59 Hand Cart
TheWarrior
7:20 Loom
14:59 Feudal Age
17:39 Wheelbarrow
16:52 Fishing Lines
18:39 Double-Bit Axe
9630791
6:50 Loom
14:29 Feudal Age
18:41 Castle Age
17:00 Double-Bit Axe
18:33 Stone Mining
hsuan1202
3:17 Loom
14:54 Feudal Age
15:43 Man-at-Arms
16:09 Arson
carcaage
6:54 Loom
14:03 Feudal Age
14:36 Double-Bit Axe
15:11 Fishing Lines
16:42 Wheelbarrow
21:13 Castle Age
21:39 Man-at-Arms
22:23 Squires
22:09 Arson
22:10 Gambesons
23:13 Hand Cart
23:10 Bow Saw
22:24 Man-at-Arms
23:52 Gillnets
24:16 Stone Mining
24:27 Long Swordsman
26:20 Gold Mining
28:20 Scale Mail Armor
28:31 Forging
28:13 Fletching
31:09 Chain Mail Armor
34:53 Imperial Age
35:54 Onager
Connection lost

Rejoining the realm…

Still unreachable

The connection could not be restored.

Session expired

The server has moved on; the page needs a fresh start.